 Dungeon Crawl Stone Soup version 0.28.0-49-g6dfe1f597d (webtiles) character file.

Game seed: 3218311033765745771

52356 Exodus22XD the Severer (level 14, -7/116 HPs)
             Began as a Minotaur Fighter on May 19, 2022.
             Was the Champion of Hepliaklqana.
             Mangled by a dire elephant (24 damage)
             ... on level 6 of the Lair of Beasts.
             The game lasted 00:40:12 (22475 turns).

Exodus22XD the Severer (Minotaur Fighter)          Turns: 22475, Time: 00:40:12

Health: -7/116     AC: 24    Str: 28    XL:     14   Next: 26%
Magic:  8/12       EV:  9    Int:  7    God:    Hepliaklqana [******]
Gold:   1266       SH:  5    Dex: 10    Spells: 13/13 levels left

rFire   + + .      SeeInvis .   K - +3 war axe of Pixisebo {flame, rElec Will+++ MP-9 Int-4}
rCold   + . .      Faith    .   c - +0 buckler
rNeg    + + +      Spirit   .   i - +5 chain mail "Leetenul" {rC++}
rPois   .          Reflect  .   (helmet restricted)
rElec   +          Harm     .   E - +1 cloak {Stlth+}
rCorr   .          Rampage  .   u - +0 pair of gloves
Will    ++++.                   I - +0 pair of boots "Muloc" {*Slow rElec rC- rN+++}
Stlth   ..........              (no amulet)
HPRegen 0.29/turn               g - +6 ring of intelligence
MPRegen 0.13/turn               d - ring of protection from fire

@: studying Ice Magic, invisible
A: reduced essence, horns 2, retaliatory headbutt, fire resistance 1, strong 1
a: Renounce Religion, Recall Ancestor, Ancestor Identity, Transference, Idealise


You were on level 6 of the Lair of Beasts.
You worshipped Hepliaklqana.
Hepliaklqana was exalted by your worship.
You visited 2 branches of the dungeon, and saw 16 of its levels.
You also visited: Gauntlet.

You collected 1446 gold pieces.
You spent 180 gold pieces at shops.

Inventory:

Hand Weapons
 h - a +5 battleaxe
 k - the +6 mace "Focs" {vorpal, *Rage rElec rPois rN++}
   (You found it on level 10 of the Dungeon)

   It inflicts extra damage upon your enemies.
   rElec:     It insulates you from electricity.
   rPois:     It protects you from poison.
   rN:        It greatly protects you from negative energy.
   *Rage:     It berserks you when you make melee attacks (+20% chance).
 y - a +0 broad axe
 z - a +0 morningstar of pain
 K - the +3 war axe of Pixisebo (weapon) {flame, rElec Will+++ MP-9 Int-4}
   (You found it on level 2 of the Lair of Beasts)

   It burns those it strikes, dealing additional fire damage.
   Big, fiery blades are also staple armaments of hydra-hunters.
   Int:       It affects your intelligence (-4).
   rElec:     It insulates you from electricity.
   MP:        It affects your magic capacity (-9).
   Will:      It greatly increases your willpower.
Missiles
 t - 4 throwing nets (quivered)
 Q - 5 javelins
Armour
 c - a +0 buckler (worn)
 i - the +5 chain mail "Leetenul" (worn) {rC++}
   (You bought it in a shop on level 7 of the Dungeon)

   rC:        It greatly protects you from cold.
 u - a +0 pair of gloves (worn)
 E - a +1 cloak of stealth (worn)
 I - the +0 pair of boots "Muloc" (worn) {*Slow rElec rC- rN+++}
   (You found it on level 1 of the Lair of Beasts)

   rC:        It makes you vulnerable to cold.
   rElec:     It insulates you from electricity.
   rN:        It renders you almost immune to negative energy.
   *Slow:     It may slow you when you take damage.
Jewellery
 d - a ring of protection from fire (right hand)
 g - a +6 ring of intelligence (left hand)
 v - a +6 ring of intelligence
 M - the amulet "Sewk" {Spirit *Slow rElec rF+}
   (You found it in a Gauntlet)

   [amulet of guardian spirit]

   It causes incoming damage to be divided between your reserves of health and
   magic.
   rF:        It protects you from fire.
   rElec:     It insulates you from electricity.
   *Slow:     It may slow you when you take damage.
 N - the ring "Woguzacs" {rN+ Int+5 Dex+8}
   (You found it in a Gauntlet)

   [ring of positive energy]

   Int:       It affects your intelligence (+5).
   Dex:       It affects your dexterity (+8).
   rN:        It protects you from negative energy.
 V - the macabre finger necklace {rN+}
   (You found it on level 2 of the Lair of Beasts)

   [amulet of nothing]

   It enables you to equip an extra ring.
   rN:        It protects you from negative energy.
 X - a ring of willpower
 Y - a ring of resist corrosion
Wands
 b - a wand of polymorph (5)
 D - a wand of digging (10)
 F - a wand of charming (5)
 L - a wand of flame (17)
 R - a wand of iceblast (18)
 S - a wand of mindburst (10)
 U - a wand of acid (2)
Scrolls
 a - 3 scrolls of enchant armour
 e - 2 scrolls of fog
 f - 2 scrolls of summoning
 l - 3 scrolls of magic mapping
 m - a scroll of brand weapon
 n - 12 scrolls of teleportation
 q - 2 scrolls of vulnerability
 s - 2 scrolls of blinking
 w - 4 scrolls of amnesia {unknown}
 A - 4 scrolls of enchant weapon {unknown}
 B - 2 scrolls of holy word
 C - 3 scrolls of fear {unknown}
 O - a scroll of silence
 Z - a scroll of identify
Potions
 j - 3 potions of mutation
 o - 4 potions of flight
 p - 2 potions of invisibility
 r - 3 potions of lignification
 x - 3 potions of curing
 G - a potion of berserk rage {unknown}
 H - 2 potions of haste
 J - 4 potions of heal wounds
 P - a potion of ambrosia
 W - 2 potions of cancellation {unknown}
Miscellaneous
 T - a piece from Xom's chessboard (15/15)


   Skills:
 + Level 13.6 Fighting
 + Level 17.4 Axes
 + Level 15.0 Armour
 + Level 7.5 Shields
 * Level 11.4 Invocations


You had 13 spell levels left.
You didn't know any spells.
Your spell library contained the following spells:

 Spells                   Type           Power      Damage    Failure   Level
 Gell's Gravitas          Tloc           0%         N/A       99%         3
 Lesser Beckoning         Tloc           0%         N/A       99%         3
 Teleport Other           Tloc           0%         N/A       99%         3
 Alistair's Intoxication  Tmut/Pois      0%         N/A       100%        5
 Borgnjor's Vile Clutch   Necr/Erth      0%         N/A       100%        5
 Eringya's Noxious Bog    Tmut/Pois      0%         N/A       100%        6


Dungeon Overview and Level Annotations

Branches:
Dungeon (10/15)            Temple (0/1) D:5            Lair (6/6) D:9
  Swamp (0/4) Lair:3        Snake (0/4) Lair:4        Slime (0/5) Lair:6
Gauntlet (visited)
    Orc: D:9-12

Altars:
Elyvilon
Hepliaklqana
Kikubaaqudgha
Makhleb
Ru
Sif Muna
Uskayaw
Yredelemnul
Beogh
Jiyva

Shops:
D:7 [

Annotations:
D:4 2 transporters
D:6 2 transporters, Sacchan's ghost, novice HOMo
D:10 Sonja


Innate Abilities, Weirdness & Mutations

Your life essence is reduced to manifest your ancestor. (-10% HP)
You have a pair of horns on your head.
You reflexively headbutt those who attack you in melee.
Your flesh is heat resistant. (rF+)
Your muscles are strong. (Str +2)


Message History

You catch the helpless dire elephant completely off-guard!
You slash the dire elephant! You burn the dire elephant.
You catch the helpless dire elephant completely off-guard!
You slice the dire elephant!! You burn the dire elephant.
You headbutt the dire elephant!
The dire elephant is heavily wounded.
You hit the dire elephant but do no damage.
The spectral anaconda seems less drained.
The dire elephant tramples you but does no damage.
The dire elephant trunk-slaps you but does no damage.
The dire elephant tramples you but does no damage.
The dire elephant trunk-slaps you but does no damage.
You slash the dire elephant! You burn the dire elephant!
The dire elephant is severely wounded.
You slash the dire elephant! You burn the dire elephant.
The dire elephant tramples you but does no damage.
The dire elephant trunk-slaps you but does no damage.
The dire elephant barely misses you. The dire elephant closely misses you.
Unknown command.
You hit the dire elephant. You burn the dire elephant.
You headbutt the dire elephant, but do no damage.
The dire elephant is severely wounded.
You hit the dire elephant but do no damage.
The dire elephant seems less drained.
The dire elephant tramples you!
* * * LOW HITPOINT WARNING * * *
You hold your ground!
The dire elephant barely misses you. x2
The dire elephant trunk-slaps you but does no damage.
You hit the dire elephant. You burn the dire elephant.
The dire elephant is severely wounded.
You strike the helpless dire elephant from behind!
You hit the dire elephant but do no damage.
You hit the dire elephant but do no damage.
The dire elephant is severely wounded.
You hit the dire elephant. You burn the dire elephant.
The dire elephant tramples you!
* * * LOW HITPOINT WARNING * * *
You hold your ground!
The dire elephant trunk-slaps you but does no damage.
The dire elephant tramples you!!
You die...

########'''#### ########
###.............. #8...P.#
#...#####8.⌠.8### #?.....#
####.###≈.###8P8##
#8...).####.÷..#≈≈≈≈.######
########'#P...####.≈≈≈≈#8YY.8#
#.#.####.8#.≈≈≈≈'.YY[(#
#...#...YYZp§≈≈≈'...):#
#8..#...@8##.≈≈##8P..8# .
####''#''#### ###
...P#.P#..#..# ♣P.........##
♣♣PP......## ♣♣.#...### #
#####


You could see 2 dire elephants, a spectral anaconda and a necromancer (drained).

Vanquished Creatures
  3 dire elephants (Lair:6)
  A minotaur (Gauntlet)
  3 hydras
  An ogre mage (D:10)
  A centaur warrior (D:10)
  Erica (Lair:1)
  8 death yaks
  A spectral dire elephant (Lair:6)
  Nergalle (D:10)
  A fire crab (Lair:5)
  A lindwurm (Lair:5)
  Pikel (D:7)
  A necromancer (Lair:6)
  A deep elf pyromancer (D:10)
  An ugly thing (D:10)
  A wolf spider (Gauntlet)
  A worldbinder (Gauntlet)
  2 elephants (Lair:6)
  A dire elephant zombie (Lair:6)
  A moth of wrath (Gauntlet)
  3 black mambas
  Maurice (D:10)
  A kobold demonologist (D:9)
  2 rime drakes
  14 cane toads
  7 komodo dragons
  An efreet (D:10)
  A troll (D:9)
  Grinder (D:4)
  18 blink frogs
  A slime creature (D:10)
  8 dream sheep
  5 wyverns
  3 basilisks
  5 hogs (Lair:4)
  23 yaks
  2 wraiths (D:10)
  A steam dragon (D:8)
  3 nagas (Lair:4)
  2 spectral cane toads (Lair:6)
  A death yak simulacrum (Lair:2)
  14 water moccasins
  An orc warrior (D:10)
  Duvessa (D:4)
  2 sky beasts
  2 ice beasts
  3 black bears
  2 necrophages
  An elephant zombie (Lair:6)
  2 boggarts (Gauntlet)
  A hornet zombie (D:7)
  8 wolves (Lair:4)
  3 centaurs
  An elephant skeleton (Lair:6)
  A phantom (D:6)
  3 kobold brigands
  5 bullfrogs
  2 scorpions (D:7)
  2 cane toad simulacra (Lair:6)
  2 gnoll sergeants
  Dowan (D:4)
  2 elephant simulacra (Lair:2)
  5 killer bees
  16 wights
  A howler monkey (D:6)
  An electric eel (Lair:3)
  A hexer (Gauntlet)
  2 bullfrog zombies
  4 centaur zombies
  6 orc priests
  A gnoll shaman (D:7)
  4 hounds
  2 iguanas (D:6)
  11 orc wizards
  A polar bear simulacrum (Lair:2)
  A scorpion zombie (D:5)
  Natasha (twice) (D:4)
  2 killer bee zombies (D:8)
  2 howler monkey zombies (D:9)
  12 gnolls
  A howler monkey skeleton (D:7)
  6 adders
  2 worms
  18 orcs
  5 ball pythons
  4 bats
  5 endoplasms
  A giant cockroach (D:3)
  3 goblins
  5 hobgoblins
  3 frilled lizards (D:1)
  17 kobolds
  3 rats
341 creatures vanquished.

Vanquished Creatures (collateral kills)
  Kirke (Lair:4)
  A hydra (Lair:6)
  Erolcha (D:9)
  Fannar (Lair:1)
  A boulder beetle (Lair:6)
  A lindwurm (Lair:4)
  A centaur zombie (D:10)
  2 black mambas (Lair:6)
  2 cane toads
  Psyche (D:8)
  A rime drake (Lair:1)
  A komodo dragon (Lair:3)
  3 blink frogs (Lair:2)
  2 dream sheep (Lair:4)
  3 yaks
  A basilisk (Lair:6)
  A naga (Lair:4)
  5 water moccasins
  An ice beast (D:6)
  An orc warrior (D:7)
  A sky beast (D:5)
  A boggart (Gauntlet)
  A centaur (D:6)
  2 bullfrogs
  2 killer bees (D:7)
  4 wights
  A hound (D:7)
  A jelly (D:5)
  Natasha (D:4)
  2 iguanas
  An orc wizard (D:8)
  An adder (D:4)
  A dart slug (D:3)
  2 orcs
  2 goblins
  A frilled lizard (D:1)
  3 kobolds (D:7)
58 creatures vanquished.

Vanquished Creatures (others)
  A yak (Lair:5)
  9 hexers
  22 fungi
  48 plants
  25 withered plants
105 creatures vanquished.

Grand Total: 504 creatures vanquished

Notes
Turn   | Place    | Note
-------+----------+-------------------------------------------
     0 | D:1      | Exodus22XD the Minotaur Fighter began the quest for the
                  | Orb.
     0 | D:1      | Reached XP level 1. HP: 19/19 MP: 0/0
   276 | D:1      | You fall into a shaft and drop 1 floor!
   276 | D:2      | Found a faded altar of an unknown god.
   286 | D:2      | Reached XP level 2. HP: 15/27 MP: 1/1
   292 | D:2      | Prayed at the altar of an unknown god.
   292 | D:2      | Became a worshipper of Hepliaklqana the Forgotten
   292 | D:2      | Reached * piety under Hepliaklqana
   443 | D:2      | Reached XP level 3. HP: 29/29 MP: 2/2
  1262 | D:2      | Reached ** piety under Hepliaklqana
  1263 | D:2      | Remembered your ancestor Mettia as a hexer
  1735 | D:3      | Reached skill level 3 in Axes
  1831 | D:3      | Reached skill level 1 in Invocations
  1831 | D:3      | Reached XP level 4. HP: 26/36 MP: 3/3
  1997 | D:3      | Noticed a black bear
  2003 | D:3      | Killed a black bear
  2004 | D:3      | Reached XP level 5. HP: 32/42 MP: 3/5
  2200 | D:3      | Reached skill level 4 in Axes
  2243 | D:3      | Reached *** piety under Hepliaklqana
  2366 | D:4      | Found a transporter.
  2425 | D:4      | Noticed a black bear
  2432 | D:4      | Killed a black bear
  2433 | D:4      | Reached XP level 6. HP: 41/47 MP: 6/6
  2488 | D:4      | Reached skill level 5 in Axes
  2488 | D:4      | Reached skill level 5 in Armour
  2697 | D:4      | Noticed a +0 dagger
  2699 | D:4      | Noticed a +0 dagger
  2750 | D:4      | Found a hide-covered altar of Uskayaw.
  2852 | D:4      | Noticed Dowan
  2854 | D:4      | Noticed Duvessa
  2857 | D:4      | Noticed Grinder
  2859 | D:4      | Noticed Natasha
  2865 | D:4      | Killed Natasha
  2866 | D:4      | Reached skill level 5 in Fighting
  2866 | D:4      | Reached XP level 7. HP: 16/54 MP: 8/8
  2876 | D:4      | Gained mutation: Your flesh is heat resistant. (rF+)
                  | [potion of mutation]
  2876 | D:4      | Gained mutation: Your muscles are strong. (Str +2) [potion
                  | of mutation]
  3154 | D:4      | Found a transporter.
  3282 | D:4      | Killed Duvessa
  3296 | D:4      | Killed Dowan
  3297 | D:4      | Reached skill level 6 in Axes
  3355 | D:4      | Paralysed by Grinder for 3 turns
  3359 | D:4      | Killed Grinder
  3363 | D:4      | Noticed Natasha
  3369 | D:4      | Killed Natasha
  3550 | D:4      | Noticed Natasha
  3555 | D:4      | Killed Natasha
  3753 | D:5      | Entered Level 5 of the Dungeon
  3764 | D:5      | Reached XP level 8. HP: 42/62 MP: 9/9
  3768 | D:5      | Reached skill level 7 in Axes
  4129 | D:5      | Found a staircase to the Ecumenical Temple.
  4620 | D:5      | Reached skill level 5 in Shields
  5131 | D:5      | Found an ancient bone altar of Kikubaaqudgha.
  5187 | D:6      | Reached skill level 8 in Axes
  5196 | D:6      | Noticed a hornet
  5216 | D:6      | Noticed Sacchan's ghost (novice HOMo)
  5238 | D:6      | Reached XP level 9. HP: 28/69 MP: 11/11
  5239 | D:6      | Reached skill level 9 in Axes
  5239 | D:6      | Reached skill level 5 in Invocations
  5754 | D:6      | Reached **** piety under Hepliaklqana
  5822 | D:6      | Found a transporter.
  5941 | D:6      | Found a transporter.
  6581 | D:7      | Reached skill level 10 in Axes
  6766 | D:7      | Noticed Pikel
  6780 | D:7      | Killed Pikel
  6992 | D:6      | HP: 3/71 [killer bee (2)]
  7380 | D:7      | Reached skill level 11 in Axes
  7750 | D:7      | Reached XP level 10. HP: 64/77 MP: 13/13
  8059 | D:7      | Found Kuterph's Antique Armour Emporium.
  8062 | D:7      | Bought a pitted chain mail for 180 gold pieces
  8062 | D:7      | Identified the +5 chain mail "Leetenul" {rC++} (You bought
                  | it in a shop on level 7 of the Dungeon)
  9041 | D:8      | Noticed Psyche
  9050 | D:8      | Killed Psyche
  9051 | D:8      | Reached skill level 12 in Axes
  9285 | D:8      | Found a basalt altar of Yredelemnul.
  9612 | D:9      | Noticed Erolcha
  9613 | D:9      | Reached ***** piety under Hepliaklqana
  9632 | D:9      | Killed Erolcha
  9762 | D:9      | Found a staircase to the Lair.
  9786 | D:9      | Reached skill level 13 in Axes
  9791 | D:9      | Reached skill level 10 in Armour
 10078 | D:9      | Found a burning altar of Makhleb.
 10078 | D:9      | Found a sacrificial altar of Ru.
 10079 | D:9      | Found a white marble altar of Elyvilon.
 10099 | D:9      | Found a shimmering blue altar of Sif Muna.
 10105 | D:9      | Reached XP level 11. HP: 82/85 MP: 15/15
 10439 | D:10     | Entered Level 10 of the Dungeon
 10439 | D:10     | Noticed Maurice
 10450 | D:10     | Killed Maurice
 10696 | D:10     | Noticed a centaur warrior
 10712 | D:10     | Killed a centaur warrior
 10713 | D:10     | Reached skill level 14 in Axes
 10969 | D:10     | Noticed a deep elf pyromancer
 10973 | D:10     | Noticed a red ugly thing
 10975 | D:10     | Noticed an ogre mage
 10985 | D:10     | Killed a red ugly thing
 10992 | D:10     | Killed a deep elf pyromancer
 11002 | D:10     | Killed an ogre mage
 11008 | D:10     | Identified the +6 mace "Focs" {vorpal, *Rage rElec rPois
                  | rN++}
 11043 | D:10     | Identified the +4 mace of Light {freeze, Fly rElec rC-
                  | Will++}
 11222 | D:10     | Found the +5 scythe "Finisher" {speed, eviscerate}
 11423 | D:10     | Noticed Nergalle
 11434 | D:10     | Killed Nergalle
 11798 | D:10     | Noticed Sonja
 11994 | D:10     | HP: 2/87 [Sonja/+1 short sword of distortion (3)]
 12401 | Lair:1   | Entered Level 1 of the Lair of Beasts
 12420 | Lair:1   | Noticed Fannar
 12438 | Lair:1   | Killed Fannar
 12997 | Lair:1   | Reached skill level 15 in Axes
 13104 | Lair:1   | Reached XP level 12. HP: 52/95 MP: 17/17
 13438 | Lair:1   | Noticed Erica
 13445 | Lair:1   | Killed Erica
 13864 | Lair:1   | Identified the +0 pair of boots "Muloc" {*Slow rElec rC-
                  | rN+++}
 14165 | Lair:2   | Reached skill level 10 in Fighting
 14200 | Lair:2   | Identified the +3 war axe of Pixisebo {flame, rElec Will+++
                  | MP-9 Int-4}
 14345 | Lair:2   | Found a gate leading to a gauntlet.
 14356 | Gauntlet | Entered a Gauntlet
 14356 | Gauntlet | Noticed a death scarab
 14356 | Gauntlet | Found a transporter.
 14356 | Gauntlet | Found a transporter.
 14380 | Gauntlet | Found a transporter.
 14381 | Gauntlet | Found a transporter.
 14381 | Gauntlet | Found a transporter.
 14385 | Gauntlet | Found a transporter.
 14392 | Gauntlet | Found a transporter.
 14393 | Gauntlet | Found a transporter.
 14394 | Gauntlet | Found a transporter.
 14395 | Gauntlet | Found a transporter.
 14400 | Gauntlet | Noticed a blizzard demon
 14403 | Gauntlet | Found a transporter.
 14404 | Gauntlet | Found a transporter.
 14443 | Gauntlet | Found the dreamshard necklace {*Dream Drain}
 14576 | Gauntlet | Identified the amulet "Sewk" {Spirit *Slow rElec rF+}
 14587 | Gauntlet | Noticed a death scarab
 14613 | Gauntlet | Identified the ring "Woguzacs" {rN+ Int+5 Dex+8}
 14948 | Gauntlet | Noticed a minotaur
 14961 | Gauntlet | Killed a minotaur
 15043 | Lair:2   | Found the macabre finger necklace {rN+}
 16389 | Lair:3   | Reached skill level 16 in Axes
 16469 | Lair:3   | Noticed a five-headed hydra
 16475 | Lair:3   | Killed a two-headed hydra
 16774 | Lair:3   | Found a staircase to the Swamp.
 17391 | Lair:4   | Reached XP level 13. HP: 66/104 MP: 10/19
 17534 | Lair:4   | Found a staircase to the Snake Pit.
 17587 | Lair:4   | Reached skill level 10 in Invocations
 17885 | Lair:4   | Noticed Kirke
 17894 | Lair:4   | Noticed a sphinx
 17907 | Lair:4   | Killed Kirke
 18085 | Lair:4   | Found a basalt altar of Yredelemnul.
 19471 | Lair:5   | Reached ****** piety under Hepliaklqana
 20310 | Lair:6   | Entered Level 6 of the Lair of Beasts
 20778 | Lair:6   | Reached skill level 17 in Axes
 21034 | Lair:6   | Reached XP level 14. HP: 98/116 MP: 12/21
 21613 | Lair:6   | Found a viscous altar of Jiyva.
 21613 | Lair:6   | Found a staircase to the Slime Pits.
 22158 | Lair:6   | Reached skill level 15 in Armour
 22475 | Lair:6   | Mangled by a dire elephant

Illustrated notes

Levels and vault maps discovered:
D:1:      dpeg_arrival_rooms_b, layout_basic, serial_bayou_lagoon_b
D:2:      layout_loops_cross, hellmonk_ecumenical_altar_arch_garden
D:3:      layout_loops_ring
D:4:      gammafunk_cloud_chamber, layout_loops_ring, dancing_weapons_uskayaw,
          kennysheep_orc_chapel, uniq_grinder, uniq_duvessa, uniq_natasha
D:5:      layout_basic, nicolae_overflow_hidden_temple,
          minmay_temple_entry_purple_smoke, serial_rivers,
          chequers_serial_rivers_marsh, chequers_serial_rivers_small_b,
          chequers_serial_rivers_micro_e, chequers_serial_rivers_micro_d
D:6:      layout_basic, gammafunk_ghost_hive, st_stairs_4, minmay_holes,
          grunt_decor_mini_mirrors
D:7:      layout_basic, serial_glass, glass_columns_a, glass_columns_a,
          serial_shops, kennysheep_mini, dk_vineyard_3, uniq_pikel
D:8:      layout_basic, lemuel_zombie_altar_yredelemnul,
          hangedman_abyss_or_decor_clamps, uniq_psyche
D:9:      layout_loops_cross, nicolae_overflow_quartered_altars,
          minmay_lair_entry_grove, uniq_erolcha
D:10:     layout_loops_cross, minmay_the_grid_2x2 [minmay_the_grid_large_cup,
          minmay_the_grid_garden, minmay_the_grid_tree,
          minmay_the_grid_prize_trominoes], uniq_grum, uniq_josephine,
          uniq_maurice, uniq_nergalle, uniq_sonja
Lair:1:   layout_concentric_octagons, st_stairs_11, uniq_erica, uniq_fannar
Lair:2:   layout_cave_pods, portal_ice_cave_entry_ice_simulacra,
          gauntlet_entry_generic, grunt_megastairs_1
Lair:3:   layout_regular_city, swamp_mist_pool
Lair:4:   layout_layer_cave, guppyfry_snake_entry_garden, basic_altar,
          ldierk_geyser, columned_hall_lemuel, beast_lair_carwin_7,
          serial_bayou_shore_b, lemuel_fruit_fields, lemuel_fruit_tree,
          uniq_kirke
Lair:5:   layout_roguey
Lair:6:   due_jungle_book, layout_gridlike, dpeg_slime_entry_enclosed_altar

Skill      XL: |  1  2  3  4  5  6  7  8  9 10 11 12 13 14 |
---------------+-------------------------------------------+-----
Fighting       | 4 5 6 7 8 9 11 13 | 13.6
Shields        | 4 5 6 7 |  7.5
Armour         | 4 5 6 7 8 10 11 13 14 15 | 15.0
Axes           | 3 4 5 6 8 11 13 15 16 17 | 17.4
Invocations    | 1 2 3 4 6 7 8 9 11 | 11.4

Action                   |  1- 3 |  4- 6 |  7- 9 | 10-12 | 13-15 || total
-------------------------+-------+-------+-------+-------+-------++-------
Melee: War axe           |    70 |    57 |    77 |   128 |   412 ||   744
       Headbutt          |     6 |    12 |    35 |    84 |   112 ||   249
       Battleaxe         |       |       |   121 |   239 |       ||   360
       Hand axe          |       |       |       |    89 |       ||    89
Invok: Ancestor Life: He |     1 |       |       |       |       ||     1
       Recall Ancestor   |       |       |     1 |     4 |       ||     5
       Idealise          |       |       |       |     1 |     2 ||     3
       Transference      |       |       |       |     1 |     1 ||     2
  Use: Potion            |       |     1 |     3 |     1 |     4 ||     9
       Scroll            |       |       |     7 |     7 |     4 ||    18
 Stab: Distracted        |       |       |     1 |     1 |     4 ||     6
       Confused          |       |       |     4 |     4 |     6 ||    14
       Invisible         |       |       |       |       |    10 ||    10
Armor: Scale mail        |    42 |    31 |   101 |    21 |       ||   195
       Chain mail        |       |       |       |   274 |   220 ||   494
Dodge: Dodged            |    25 |    26 |    97 |   162 |   126 ||   436
Block: Buckler           |    22 |    15 |    18 |    27 |    83 ||   165
